 Dungeon Crawl Stone Soup version 0.18-a0-960-g77c8fc5 (webtiles) character file.

576 Sodium1970 the Shield-Bearer (level 7, -5/54 HPs)
             Began as a Human Fighter on Dec 31, 2015.
             Was a Follower of Okawaru.
             Killed from afar by Sigmund (7 damage)
             ... with a magic dart
             ... on level 4 of the Dungeon.
             The game lasted 00:13:48 (3384 turns).

Sodium1970 the Shield-Bearer (Human Fighter)        Turns: 3384, Time: 00:13:49

Health: -5/54      AC: 12    Str: 23    XL:     7   Next: 62%
Magic:  7/7        EV:  7    Int: 14    God:    Okawaru [*.....]
Gold:   253        SH: 10    Dex: 13    Spells: 0 memorised, 6 levels left

rFire  . . .     SeeInvis .     a - +0 long sword
rCold  . . .     Gourm    .     A - +0 chain mail
rNeg   . . .     Faith    .     c - +0 shield
rPois  .         Spirit   .     r - +0 helmet
rElec  .         Dismiss  .     (no cloak)
rCorr  .         Reflect  .     (no gloves)
SustAt .         Harm     .     h - +0 pair of boots
MR     .....                    e - amulet of rage
Stlth  ..........               G - +6 ring of intelligence
                                b - +5 ring of strength

@: about to teleport, not resistant to hostile enchantments, extremely
unstealthy
A: no striking features
a: Heroism, Renounce Religion, Evoke Berserk Rage


You were on level 4 of the Dungeon.
You worshipped Okawaru.
Okawaru was aware of your devotion.
You were not hungry.

You visited 1 branch of the dungeon, and saw 4 of its levels.

You collected 253 gold pieces.

Inventory:

Hand Weapons
 a - a +0 long sword (weapon)
Armour
 c - a +0 shield (worn)
 h - a +0 pair of boots (worn)
 r - a +0 helmet (worn)
 A - a +0 chain mail (worn)
Rods
 E - a +0 rod of shadows (10/10)
   (You took it off a goblin on level 3 of the Dungeon)
Jewellery
 b - a +5 ring of strength (left hand)
 e - an amulet of rage (around neck)
 f - an uncursed ring of wizardry
 G - a +6 ring of intelligence (right hand)
Wands
 l - a wand of polymorph (24/24)
Scrolls
 m - 3 scrolls of teleportation
Potions
 n - 2 potions of heal wounds
 o - a potion of magic
 p - a potion of curing
 s - a potion of agility
 x - a potion of brilliance
Books
 B - a book of Annihilations

   Spells                             Type                      Level
   a - Poison Arrow                   Conjuration/Poison           6
   b - Chain Lightning                Conjuration/Air              8
   c - Lehudib's Crystal Spear        Conjuration/Earth            8
   d - Glaciate                       Conjuration/Ice              9
   e - Fire Storm                     Conjuration/Fire             9
 C - an Akashic Record

   Spells                             Type                      Level
   a - Dispersal                      Translocation                6
   b - Malign Gateway                 Summoning/Translocation      7
   c - Disjunction                    Translocation                8
   d - Controlled Blink               Translocation                8
Comestibles
 d - a bread ration
 i - 4 meat rations
 q - a fruit
 v - a beef jerky


   Skills:
 + Level 4.1 Fighting
 + Level 3.5 Long Blades
 + Level 4.8 Armour
 + Level 3.0 Dodging
 + Level 0.2 Stealth
 + Level 4.9 Shields


You had 6 spell levels left.
You didn't know any spells.

Dungeon Overview and Level Annotations

Branches:
Dungeon (4/15)
 Temple: D:4-7

Altars:
Ashenzari
Elyvilon
Okawaru
Pakellas
Ru
Vehumet
Yredelemnul
Zin

Annotations:
D:4 Sigmund


Message History

You hear some strange, mumbled words.
A puff of flame appears from out of thin air!
The puff of flame hits you!
You see here a crocodile corpse.
Something hits you but does no damage.
Your shield and chain mail prevent you from hitting something.
Something hits you!
* * * LOW HITPOINT WARNING * * *
You hit something.
You hear some strange, mumbled words.
Something tries to affect you, but you resist.
You hit something. Something hits you.
* * * LOW HITPOINT WARNING * * *
As you read the scroll of teleportation, it crumbles to dust.
You feel strangely unstable. Something hits you.
* * * LOW HITPOINT WARNING * * *
You see here a crocodile corpse.
A magic dart appears from out of thin air!
The magic dart hits you!
You die...

.......# #.#
####.## .......#
#.# #.# ......#
#.# #.# #....# #.#
#.#
#....###.######
#.#
####.....##......#
#.#
.........##......#
###†# #..
#....#......#
#...#
##.###.#.#@######
#.### #...#..#.#†#
#[# _....#.{.#
#.### ..#..##..#
#...# #.###....>#
###.# #.. #...####
#.# .........# #.#
.....#.#.# #.#
.....#. .# ###.#


There were no monsters in sight!

Vanquished Creatures
  Menkaure (D:4)
  A phantom (D:4)
  A crocodile (D:4)
  2 hounds (D:4)
  A giant frog skeleton (D:4)
  12 adders
  An ooze (D:3)
  5 worms (D:2)
  4 giant geckos
  2 orcs (D:3)
  8 bats
  4 giant cockroaches
  10 goblins
  7 hobgoblins
  4 quokkas (D:2)
  8 ball pythons
  4 giant newts
  8 kobolds
  7 rats
90 creatures vanquished.

Notes
Turn   | Place    | Note
--------------------------------------------------------------
     0 | D:1      | Sodium1970 the Human Fighter began the quest for the Orb.
     0 | D:1      | Reached XP level 1. HP: 18/18 MP: 1/1
   276 | D:1      | Reached XP level 2. HP: 22/24 MP: 2/2
   632 | D:1      | Reached XP level 3. HP: 26/29 MP: 3/3
   979 | D:2      | Reached skill level 1 in Dodging
  1043 | D:2      | Reached XP level 4. HP: 14/36 MP: 4/4
  1537 | D:2      | Reached XP level 5. HP: 38/42 MP: 5/5
  1623 | D:2      | Found a basalt altar of Yredelemnul.
  1625 | D:2      | Found a glowing silver altar of Zin.
  1635 | D:2      | Found a sacrificial altar of Ru.
  1636 | D:2      | Found an iron altar of Okawaru.
  1636 | D:2      | Found a white marble altar of Elyvilon.
  1636 | D:2      | Found an oddly glowing altar of Pakellas.
  1637 | D:2      | Found a shattered altar of Ashenzari.
  1688 | D:2      | Became a worshipper of Warmaster Okawaru
  2559 | D:3      | Reached XP level 6. HP: 48/48 MP: 6/6
  2788 | D:4      | Reached skill level 4 in Shields
  2867 | D:4      | Noticed Menkaure
  2872 | D:4      | Noticed a phantom
  2877 | D:4      | Killed Menkaure
  2909 | D:4      | Killed a phantom
  2909 | D:4      | Reached * piety under Okawaru
  2909 | D:4      | Reached XP level 7. HP: 22/54 MP: 7/7
  3347 | D:4      | Found a radiant altar of Vehumet.
  3349 | D:4      | Noticed Sigmund
  3382 | D:4      | HP: 2/54 [something (3)]
  3384 | D:4      | Killed from afar by Sigmund

Vault maps used:
D:1:      sevenhm_arrival_forest_fort_large_2, minmay_misc_feat_ornament
D:2:      kennysheep_six_static_rooms, grunt_temple_overflow_open
D:3:      minmay_snake_closets
D:4:      vehumet_crystals, serial_shops, nicolae_shop_waterfront, first_bread,
          led_sif_pool, uniq_sigmund, uniq_duvessa, uniq_menkaure

Action                   |  1- 3 |  4- 6 |  7- 9 || total
-------------------------+-------+-------+-------++-------
Melee: Long sword        |   126 |   224 |    39 ||   389
  Use: Scroll            |       |     6 |     4 ||    10
       Potion            |       |     6 |       ||     6
  Eat: Bread ration      |     1 |     1 |       ||     2
